 Dungeon Crawl Stone Soup version 0.21-a0-110-g8e1637b (webtiles) character file.

793 Ordine the Conjurer (level 7, -9/36 HPs)
             Began as a Tengu Wizard on July 10, 2017.
             Killed from afar by Ijyb (21 damage)
             ... with a wand of lightning (?/15)
             ... on level 5 of the Dungeon.
             The game lasted 00:15:32 (4274 turns).

Ordine the Conjurer (Tengu Wizard)                  Turns: 4274, Time: 00:15:33

Health: -9/36      AC:  4    Str:  7    XL:     7   Next: 88%
Magic:  6/14       EV: 12    Int: 20    God:
Gold:   182        SH:  5    Dex: 13    Spells: 11/14 levels left

rFire    . . .     SeeInvis .   g - +0 spear
rCold    . . .     Gourm    .   h - +0 buckler
rNeg     . . .     Faith    .   s - +0 leather armour
rPois    .         Spirit   .   b - +0 hat
rElec    .         Reflect  .   m - +0 cloak
rCorr    .         Harm     .   (no gloves)
MR       .....                  (boots unavailable)
Stlth    ++........             (no amulet)
HPRegen  0.12/turn              (no ring)
MPRegen  0.14/turn              (no ring)

@: no status effects
A: beak, talons 3, able to fly 1
a: Fly


You were on level 5 of the Dungeon.
You were not hungry.

You visited 1 branch of the dungeon, and saw 5 of its levels.

You collected 182 gold pieces.

Inventory:

Hand Weapons
 g - a +0 spear (weapon)
Armour
 b - a +0 hat (worn)
 h - a +0 buckler (worn)
 m - a +0 cloak (worn)
 s - a +0 leather armour (worn)
Scrolls
 i - a scroll of recharging
 o - a scroll of enchant weapon
 p - 4 scrolls of remove curse
 q - a scroll of teleportation
Potions
 e - a potion of haste
 f - a potion of curing
 k - a potion of might
 l - a potion of lignification
Books
 c - a book of Minor Magic

   Spells                             Type                      Level
   a - Magic Dart                     Conjuration                  1
   b - Blink                          Translocation                2
   c - Call Imp                       Summoning                    2
   d - Slow                           Hexes                        2
   e - Conjure Flame                  Conjuration/Fire             3
   f - Mephitic Cloud                 Conjuration/Poison/Air       3
Comestibles
 d - 2 bread rations
 j - 5 royal jellies
 n - 2 meat rations
 r - 3 fruits


   Skills:
 + Level 0.0 Fighting
 + Level 0.0 Armour
 + Level 2.1 Dodging
 - Level 4.0 Stealth
 + Level 3.9 Shields
 - Level 4.0 Spellcasting
 - Level 6.0 Conjurations
   Level 1.2 Summonings
 - Level 3.0 Translocations


You had 11 spell levels left.
You knew the following spells:

 Your Spells              Type           Power        Failure   Level  Hunger
a - Magic Dart            Conj           ####         1%          1    None
b - Blink                 Tloc           N/A          9%          2    #......


Dungeon Overview and Level Annotations

Branches:
Dungeon (5/15)
 Temple: D:4-7

Altars:
Fedhas
Kikubaaqudgha
Makhleb
Trog
Uskayaw
Wu Jian
The Shining One

Annotations:
D:5 Ijyb


Innate Abilities, Weirdness & Mutations

You have a beak for a mouth.
You have claws for feet.
You can fly.


Message History

Ijyb is heavily wounded.
Ijyb hits you but does no damage.
Casting: Magic Dart
Confirm with . or Enter, or press ? or * to list all spells.
Aiming: Magic Dart
Press: ? - help, Shift-Dir - straight line, f/p - Ijyb
Aim: Ijyb, wearing a ring mail and carrying a wand of lightning (?/15) {zapped: 1} (heavily wounded)
The magic dart hits Ijyb.
Ijyb is heavily wounded.
Ijyb zaps a wand.
The bolt of lightning hits you! x2
Casting: Magic Dart
Confirm with . or Enter, or press ? or * to list all spells.
Aiming: Magic Dart
Press: ? - help, Shift-Dir - straight line, f/p - Ijyb
Aim: Ijyb, wearing a ring mail and carrying a wand of lightning (?/15) {zapped: 2} (heavily wounded)
The magic dart hits Ijyb.
Ijyb is severely wounded.
Ijyb zaps a wand.
The bolt of lightning hits you!
Ouch! That really hurt!
You die...

..## ##..# ##.# ...
..#.###.## .##...#
#.#.#.##.#..# ......#
..#...#.###.#.## .......
...............# .......
#########[...#.##.......
##.#............
###.............#
#........@..!..#
#.#.#...##g.####
#.#.##### ..... #.#.#
..###.# #.#.# ..# ..#.#
..# #.... ..# ##... ..#
#


You could see Ijyb.

Vanquished Creatures
  Sigmund (D:2)
  The ghost of Kiparissos the Sneak, an amateur SpEn (D:4)
  An ogre (D:4)
  2 hounds
  An orc priest (D:4)
  A jelly (D:5)
  Crazy Yiuf (D:2)
  An orc wizard (D:4)
  Natasha (thrice) (D:3)
  An iguana (D:4)
  A hound zombie (D:5)
  A hound skeleton (D:4)
  A gnoll (D:1)
  7 adders
  A worm (D:4)
  3 dart slugs (D:1)
  A leopard gecko (D:2)
  7 orcs
  3 giant cockroaches
  8 goblins
  9 hobgoblins
  2 quokkas
  6 bats
  7 frilled lizards
  10 kobolds
  8 rats
88 creatures vanquished.

Notes
Turn   | Place    | Note
-------+----------+-------------------------------------------
     0 | D:1      | Ordine the Tengu Wizard began the quest for the Orb.
     0 | D:1      | Reached XP level 1. HP: 10/10 MP: 5/5
    83 | D:1      | Reached skill level 2 in Conjurations
   113 | D:1      | Reached XP level 2. HP: 15/15 MP: 0/7
   194 | D:1      | Learned a level 2 spell: Blink
   206 | D:1      | Reached skill level 1 in Translocations
   347 | D:1      | Reached XP level 3. HP: 19/19 MP: 4/8
   765 | D:1      | Reached skill level 3 in Conjurations
  1121 | D:2      | Reached XP level 4. HP: 13/24 MP: 1/10
  1261 | D:2      | Noticed Sigmund
  1274 | D:2      | Killed Sigmund
  1274 | D:2      | Reached skill level 5 in Conjurations
  1274 | D:2      | Gained mutation: You can fly. [Tengu growth]
  1274 | D:2      | Reached XP level 5. HP: 18/28 MP: 0/11
  1274 | D:2      | Reached XP level 6. HP: 21/32 MP: 0/12
  1467 | D:2      | Found a burning altar of Makhleb.
  1960 | D:2      | Found a runed door.
  1964 | D:2      | Noticed Crazy Yiuf
  1970 | D:2      | Killed Crazy Yiuf
  2335 | D:3      | Noticed Natasha
  2343 | D:3      | Killed Natasha
  2397 | D:3      | Found a hide-covered altar of Uskayaw.
  2403 | D:3      | Noticed a dagger
  2403 | D:3      | Noticed a hand axe
  2613 | D:3      | Found an ancient bone altar of Kikubaaqudgha.
  2744 | D:3      | Noticed Natasha
  2749 | D:3      | Killed Natasha
  2771 | D:3      | Noticed Natasha
  2775 | D:3      | Killed Natasha
  3020 | D:4      | Reached skill level 6 in Conjurations
  3020 | D:4      | Reached XP level 7. HP: 36/36 MP: 9/14
  3028 | D:4      | Reached skill level 1 in Shields
  3116 | D:4      | Noticed Kiparissos's ghost (amateur SpEn)
  3126 | D:4      | Killed Kiparissos's ghost
  3912 | D:4      | Found a glowing golden altar of the Shining One.
  4083 | D:5      | Entered Level 5 of the Dungeon
  4118 | D:5      | Found an ornate altar of the Wu Jian Council.
  4118 | D:5      | Found a bloodstained altar of Trog.
  4120 | D:5      | Found a blossoming altar of Fedhas.
  4266 | D:5      | Noticed Ijyb
  4274 | D:5      | Killed from afar by Ijyb

Vault maps used:
D:1:      lemuel_arrival_cross
D:2:      makhleb_heckhound_becter, uniq_crazy_yiuf_cottage, uniq_sigmund
D:3:      dancing_weapons_uskayaw, lemuel_doored_altar, uniq_natasha
D:4:      first_bread, tso_altar
D:5:      nicolae_overflow_hidden_temple, serial_bayou_lagoon_a, uniq_ijyb,
          uniq_menkaure

Skill      XL: |  1  2  3  4  5  6  7 |
---------------+----------------------+-----
Conjurations   | 2 3 5 6 |  6.0
Translocations | 1 2 3 |  3.0
Stealth        | 3 4 |  4.0
Spellcasting   | 4 |  4.0
Shields        | 3 |  3.9
Dodging        | |  2.1
Summonings     | |  1.2

Action                   |  1- 3 |  4- 6 |  7- 9 || total
-------------------------+-------+-------+-------++-------
Melee: Unarmed           |     2 |       |       ||     2
       Kick              |     2 |     1 |     2 ||     5
       Spear             |     2 |     1 |     8 ||    11
       Peck              |       |       |     1 ||     1
 Cast: Magic Dart        |    74 |   105 |    91 ||   270
  Use: Scroll            |     6 |     4 |     2 ||    12
  Eat: Chunk             |       |     6 |     4 ||    10
Armor: Robe              |     5 |     1 |     6 ||    12
       Leather armour    |       |       |     1 ||     1
Dodge: Dodged            |    15 |    13 |    21 ||    49
